Map: Acid Plant LE

Players

ShoWTimE - Winner!

  • Race: Protoss Protoss
  • Spawn Location: 11:00

ExpecT

  • Race: Terran Terran
  • Spawn Location: 5:00

Event: WCS Montreal 2018

VOD

Have the link to the VOD?

Description

Time

  • Played on: Sept. 7, 2018, 7:29 p.m.
  • Length: 13:25

All games in this series

Show
View Real Time Build Order
Export as new Build Order

ShoWTimE Protoss - Winner!

Build Orders: 1 Gate Expand, Zealot Archon 

Get SALT Encoding   

  12  0:00  Probe  
  13  0:12  Probe  
  14  0:17  Pylon  
  14  0:24  Probe  
  15  0:32  Probe  
  15  0:36  Gateway  
  15  0:40  Probe  
  16  0:46  Assimilator  
  17  0:51  Probe  
  18  1:03  Probe  
  19  1:15  Probe  
  20  1:23  Cybernetics Core  
  20  1:32  Nexus  
  20  1:39  Pylon  
  20  1:42  Probe  
  21  1:49  Assimilator  
  21  1:51  Adept  
  21  1:54  Probe  
  22  2:01  Warp Gate  
  24  2:06  Probe  
  24  2:08  Stalker  
  25  2:18  Probe  
  28  2:30  Probe  
  28  2:35  Robotics Facility  
  28  2:41  Probe  
  28  2:45  Probe  
  28  2:46  Stalker  
  28  2:49  Probe  
  33  2:59  Probe  
  34  3:11  Gateway  
  34  3:13  Gateway  
  34  3:14  Warp Prism  
  34  3:20  Stalker  
  39  3:27  Probe  
  39  3:29  Probe  
  40  3:34  Pylon  
  40  3:39  Probe  
  42  3:41  Probe  
  42  3:43  Observer  
  42  3:51  Probe  
  42  3:53  Probe  
  45  4:03  Probe  
  45  4:05  Stalker, Pylon  
  45  4:07  Stalker  
  45  4:08  Stalker  
  53  4:10  Probe, Observer  
  53  4:17  Twilight Council  
  54  4:23  Probe  
  55  4:28  Stalker  
  55  4:30  Stalker  
  59  4:33  Probe  
  59  4:34  Stalker  
  59  4:37  Probe  
  61  4:41  Pylon  
  61  4:45  Probe  
  59  4:49  Probe  
  59  4:52  Stalker  
  60  4:57  Probe  
  60  4:59  Stalker  
  63  5:01  Probe  
  64  5:08  Assimilator  
  64  5:09  Probe  
  64  5:13  Probe, Assimilator  
  66  5:21  Charge  
  66  5:22  Dark Shrine  
  66  5:35  Pylon  
  66  5:42  Gateway  
  66  5:43  Forge  
  66  5:45  Gateway  
  66  5:48  Gateway  
  66  5:50  Probe  
  67  6:00  Nexus  
  67  6:01  Protoss Ground Armor Level 1  
  67  6:10  Immortal  
  71  6:24  Observer  
  71  6:35  Dark Templar x2  
  71  6:36  Dark Templar  
  77  6:41  Pylon  
  77  6:46  Probe  
  78  6:55  Immortal  
  78  6:59  Probe x2  
  80  7:01  Gateway  
  80  7:02  Gateway  
  80  7:07  Sentry  
  86  7:12  Probe  
  87  7:20  Dark Templar  
  87  7:22  Archon  
  89  7:24  Zealot x4  
  89  7:27  Archon  
  89  7:29  Probe x2  
  99  7:32  Pylon  
  99  7:33  Probe  
  100  7:41  Probe  
  100  7:43  Pylon  
  101  7:48  Protoss Ground Armor Level 2  
  101  7:50  Pylon  
  101  7:52  Pylon  
  101  8:03  Zealot x3  
  101  8:04  Blink, Zealot x4  
  115  8:06  Zealot  
  115  8:08  Observer  
  117  8:15  Probe  
  117  8:17  Pylon  
  117  8:19  Probe x2  
  120  8:34  Dark Templar x4  
  120  8:37  Probe x2  
  120  8:39  Archon x2  
  129  8:45  Pylon, Observer  
  129  8:47  Observer  
  130  8:49  Probe  
  130  8:55  Templar Archives  
  130  8:59  Zealot x4  
  138  9:03  Pylon  
  138  9:05  Pylon, Probe, Observer  
  139  9:15  Pylon  
  139  9:16  Dark Templar  
  142  9:33  Immortal  
  142  9:39  Zealot x5  
  142  9:40  Zealot x2  
  142  9:43  Pylon  
  160  9:46  Protoss Ground Weapons Level 1, Probe x3  
  160  9:47  Assimilator  
  160  9:51  Assimilator  
  151  10:02  Stalker x6  
  163  10:14  Pylon  
  153  10:22  Zealot x2  
  153  10:25  Zealot x5  
  153  10:28  Psionic Storm  
  133  10:39  Stalker  
  122  10:44  Sentry  
  122  10:45  Sentry x2, Zealot x4  
  136  10:50  Warp Prism  
  136  10:52  Probe x2  
  140  11:05  High Templar x4  
  140  11:06  Pylon  
  148  11:12  Dark Templar  
  150  11:24  Zealot x2  
  150  11:25  Zealot  
  148  11:38  Zealot x4  
  156  11:43  Forge  
  156  11:46  Stalker x3  
  162  11:57  Zealot  
  162  11:59  Zealot x4  
  145  12:16  Zealot x3  
  145  12:21  Zealot x3  
  143  12:26  Stalker x2  
  143  12:27  Probe  
  143  12:28  Probe  
  146  12:35  Archon  
  146  12:37  Archon  
  146  12:43  Zealot x3  
  139  12:55  Stalker  
  139  12:57  Zealot x2  
  130  13:00  Zealot  
  122  13:08  Stalker x2  
  122  13:22  Zealot x4  
  122  13:23  High Templar  
Show
View Real Time Build Order
Export as new Build Order

ExpecT Terran 

Build Orders: Gas First Reaper Expand, Liberator Opening, Reaper Expand, MMM Bio 

Get SALT Encoding   

  12  0:00  SCV  
  13  0:13  SCV  
  14  0:17  Supply Depot  
  14  0:25  SCV  
  15  0:29  Refinery  
  15  0:39  SCV  
  16  0:44  Barracks  
  16  0:51  SCV  
  17  1:03  SCV  
  18  1:15  SCV  
  19  1:31  Orbital Command  
  19  1:32  Reaper  
  20  1:42  Command Center  
  20  1:55  Factory  
  20  1:58  SCV  
  21  2:04  Refinery  
  21  2:06  Barracks Reactor  
  21  2:10  SCV  
  22  2:15  Supply Depot  
  22  2:22  SCV  
  23  2:37  SCV  
  23  2:40  Starport  
  23  2:42  Hellion  
  23  2:43  Marine x2  
  28  2:51  Supply Depot  
  28  2:54  SCV  
  29  3:03  Marine  
  29  3:04  Marine  
  31  3:09  Liberator  
  31  3:13  Cyclone, SCV  
  37  3:22  Marine  
  37  3:23  Marine  
  40  3:34  Orbital Command  
  40  3:37  SCV  
  41  3:42  Marine x2  
  43  3:50  Factory Tech Lab  
  43  3:52  SCV  
  43  3:53  Barracks  
  44  4:02  Marine x2, Supply Depot  
  43  4:05  SCV  
  43  4:06  SCV  
  47  4:13  Siege Tank  
  47  4:16  Starport Tech Lab  
  50  4:20  SCV x2  
  52  4:25  Supply Depot  
  52  4:32  Engineering Bay  
  52  4:35  Marine x2  
  52  4:36  SCV  
  52  4:37  SCV  
  49  4:54  SCV x2  
  49  4:57  Siege Tank  
  49  4:59  Marine x2  
  56  5:08  SCV x2  
  56  5:10  Terran Infantry Weapons Level 1  
  58  5:18  Marine x2  
  58  5:20  SCV  
  60  5:26  Stimpack  
  60  5:27  SCV  
  59  5:39  Marine x3  
  59  5:40  Starport Reactor  
  59  5:41  SCV x2  
  64  5:47  Supply Depot  
  64  5:57  SCV x2, Barracks  
  66  6:02  Marine x2  
  70  6:05  Factory Reactor  
  70  6:09  SCV x2, Supply Depot  
  71  6:19  Refinery  
  71  6:20  Medivac x2, Marine  
  71  6:25  SCV, Supply Depot  
  75  6:26  SCV  
  75  6:28  Marauder  
  75  6:31  Marine  
  79  6:35  Missile Turret, Supply Depot  
  79  6:39  SCV x2  
  81  6:45  Combat Shields  
  81  6:46  Marauder  
  83  6:54  Missile Turret  
  81  7:07  Missile Turret  
  80  7:09  SCV x2  
  79  7:19  Marauder, Marine x2  
  79  7:20  Marauder  
  79  7:21  SCV x2  
  87  7:25  Widow Mine x2  
  91  7:36  Concussive Shells  
  91  7:37  Marine x2  
  91  7:39  Refinery  
  91  7:41  Marauder x2  
  97  7:44  Barracks  
  97  7:48  Supply Depot x2  
  97  7:49  Widow Mine, Barracks  
  97  7:50  Widow Mine  
  100  7:58  Marine x2  
  100  8:02  Marauder x2  
  102  8:09  SCV x2  
  103  8:14  Widow Mine x2  
  103  8:15  Terran Infantry Armor Level 1  
  103  8:19  Marine x2  
  109  8:26  Marauder x2  
  113  8:31  Medivac x2  
  117  8:35  Supply Depot  
  115  8:42  Barracks Reactor, Barracks Tech Lab  
  115  8:43  Marine x2  
  117  8:49  Widow Mine x2  
  118  9:02  Marauder x2, Marine x2  
  125  9:03  Marauder  
  126  9:11  Widow Mine x2  
  126  9:12  Supply Depot  
  126  9:13  Supply Depot  
  130  9:18  Medivac x2  
  131  9:36  Marauder x2, Marine x2  
  135  9:45  Marauder, Marine x2  
  141  9:53  Widow Mine  
  141  9:56  Widow Mine  
  141  9:57  Marauder  
  141  9:58  Marauder  
  145  10:06  Supply Depot  
  147  10:07  Marauder, Marine x2  
  151  10:14  Widow Mine  
  151  10:18  Widow Mine  
  151  10:19  Marauder x2  
  144  10:22  Marine x2  
  148  10:28  Marauder  
  124  10:35  Widow Mine  
  124  10:36  Marine x2  
  124  10:39  Widow Mine  
  124  10:40  Marauder x2, Marine  
  126  10:44  Medivac x2  
  126  10:45  Marine  
  133  10:50  Marauder  
  133  10:53  Marine  
  133  10:54  Orbital Command  
  134  10:59  Marine x2  
  134  11:00  Widow Mine  
  134  11:01  Widow Mine  
  140  11:07  Marine  
  140  11:08  Marauder  
  143  11:14  Marauder  
  147  11:18  Marauder  
  140  11:29  Marauder  
  140  11:30  Widow Mine x2  
  146  11:35  Marauder  
  146  11:38  Missile Turret  
  148  11:40  Marine x4  
  148  11:44  Marauder  
  154  11:51  Marauder  
  155  11:56  Marauder  
  155  11:57  Marine  
  155  12:00  Marine  
  155  12:01  Marine  
  157  12:06  Marauder  
  157  12:07  Widow Mine x2  
  153  12:11  Marine  
  153  12:12  Marauder  
  153  12:15  Marine  
  137  12:18  Marauder, Marine x2  
  135  12:27  Marauder  
  135  12:29  Marine  
  120  12:33  Marauder  
  120  12:34  Marine  
  120  12:36  Widow Mine, Marine  
  124  12:37  Widow Mine  
  124  12:39  Marauder  
  114  12:46  Marine  
  114  12:47  Marine  
  114  12:48  Marauder  
  106  12:52  Marine  
  106  12:55  Marauder, Marine  
  104  13:01  Marauder  
  104  13:04  Marine  
  104  13:05  Marine  
Tags
 
Add a new tag
Caveats
  • Supply blocks, unpowered buildings, or Contaminate may cause inaccurate times.
  • Supply counts are checked every 10 seconds.